AoeStats
← HeroSan

Arabia

510413926Analyzed
2v2 RM · 3d ago on Sep 30, 2026· 46m 53s· 4 players
Game mode
Random Map
Map size
Medium (4 player)
Population
200
Speed
Normal
Resources
Standard
Victory
Conquest
Starting age
Dark Age
Ending age
Imperial Age
RankedLock teamsTeams togetherTeam positionsShared explorationLock speedFull tech treeHidden civsTurbo modeCheats
Victory
Defeat
🇩🇪 Chinese · Germany
1480
+16
🇧🇷 Gurjaras · Brazil
1478
+17
🇦🇷 Varangians · Argentina
1494
-17
🇦🇷 Ethiopians · Argentina
1488
-16
SSx_APOCALIPSE
6:07 Loom
8:53 Feudal Age
9:27 Double-Bit Axe
10:07 Horse Collar
15:43 Scale Barding Armor
16:55 Forging
22:33 Castle Age
21:13 Gold Mining
21:40 Fletching
23:24 Padded Archer Armor
23:59 Thumb Ring
25:01 Bow Saw
25:08 Bodkin Arrow
27:22 Husbandry
27:33 Bloodlines
28:00 Town Watch
28:51 Wheelbarrow
29:16 Leather Archer Armor
30:29 Ballistics
33:30 Hand Cart
33:14 Stone Mining
34:01 Heavy Plow
41:05 Imperial Age
41:34 Gold Shaft Mining
41:09 Elite Elephant Archer
42:01 Bracer
43:03 Chemistry
44:25 Conscription
45:28 Frontier Guards
46:39 Chain Barding Armor
I_hate_arabia
0:27 Loom
8:42 Feudal Age
9:29 Double-Bit Axe
10:02 Horse Collar
16:10 Fletching
22:01 Castle Age
20:16 Gold Mining
21:30 Padded Archer Armor
22:15 Crossbowman
23:32 Bodkin Arrow
24:04 Thumb Ring
24:13 Bow Saw
24:54 Ballistics
24:54 Town Watch
25:51 Gold Shaft Mining
27:47 Wheelbarrow
29:17 Leather Archer Armor
31:07 Hand Cart
32:20 Heavy Plow
35:40 Imperial Age
33:53 Scale Mail Armor
34:03 Forging
34:38 Squires
34:23 Arson
35:24 Chain Mail Armor
36:21 Iron Casting
36:24 Bracer
37:29 Chemistry
36:54 Conscription
37:22 Elite Fire Lancer
39:03 Plate Mail Armor
41:25 Iron Casting
40:18 Arbalester
43:49 Blast Furnace
43:39 Fervor
45:57 Guard Tower
45:53 Arrowslits
46:20 Masonry
46:06 Murder Holes
48:02 Two-Man Saw
HeroSan
6:55 Loom
10:06 Feudal Age
10:38 Double-Bit Axe
16:18 Bloodlines
19:09 Scale Barding Armor
20:03 Town Watch
20:51 Forging
24:29 Castle Age
25:32 Chain Barding Armor
24:56 Light Cavalry
28:38 Wheelbarrow
35:51 Husbandry
37:03 Hand Cart
37:44 Horse Collar
37:56 Gold Mining
45:12 Imperial Age
43:09 Fletching
Mr_Bruswill
7:04 Loom
10:33 Feudal Age
11:13 Double-Bit Axe
15:44 Fletching
23:18 Castle Age
22:21 Padded Archer Armor
22:13 Gold Mining
23:13 Horse Collar
23:20 Crossbowman
23:57 Bodkin Arrow
25:36 Leather Archer Armor
26:14 Ballistics
26:57 Bow Saw
38:04 Imperial Age
37:30 Wheelbarrow
36:40 Town Watch
38:13 Arbalester
38:59 Bracer
40:31 Chemistry
40:46 Thumb Ring
44:51 Chemistry
Connection lost

Rejoining the realm…

Still unreachable

The connection could not be restored.

Session expired

The server has moved on; the page needs a fresh start.